 Dungeon Crawl Stone Soup version 0.22-a0-512-g0943f25 (webtiles) character file.

10948 varam the Fighter (level 11, -5/86 HPs)
             Began as a Gnoll Wanderer on June 18, 2018.
             Was an Elder of Cheibriados.
             Slain by a frost giant
             ... wielding the +6 broad axe of Saguf {freeze, +Inv rF+ Int+3 Dex+4}
              (29 damage)
             ... on level 10 of the Dungeon.
             The game lasted 00:55:06 (15136 turns).

varam the Fighter (Gnoll Wanderer)                 Turns: 15136, Time: 00:55:06

Health: -5/86      AC: 10    Str: 25    XL:     11   Next: 70%
Magic:  16/21      EV: 18    Int: 27    God:    Cheibriados [****..]
Gold:   207        SH:  3    Dex: 22    Spells: 20/24 levels left

rFire    + . .     SeeInvis .   j - +2 war axe (chop)
rCold    + . .     Gourm    .   (no shield)
rNeg     . . .     Faith    .   J - +2 robe {rC+ rF+}
rPois    .         Spirit   .   (no helmet)
rElec    .         Reflect  +   N - +0 cloak
rCorr    .         Harm     .   U - +0 pair of gloves
MR       .....                  c - +1 pair of boots
Stlth    ++++......             I - +3 amulet of reflection
HPRegen  0.24/turn              p - +1 ring of protection
MPRegen  0.17/turn              L - ring of wizardry

@: very slow
A: distributed training, fangs 1, strong nose
a: Bend Time, Temporal Distortion, Slouch, Renounce Religion


You were on level 10 of the Dungeon.
You worshipped Cheibriados.
Cheibriados was greatly pleased with you.
You were hungry.

You visited 2 branches of the dungeon, and saw 11 of its levels.

You collected 633 gold pieces.
You spent 426 gold pieces at shops.

Inventory:

Hand Weapons
 a - the +1 mace "Jacunloe" {crush, Str+3 Dex+3}
   (You found it on level 7 of the Dungeon)

   It inflicts extra damage upon your enemies.
   It affects your strength (+3).
   It affects your dexterity (+3).
 f - a +2 broad axe of chopping
 j - a +2 war axe of chopping (weapon)
 m - a +2 dagger of venom
 o - a +0 hunting sling
 P - a +4 short sword of electrocution
 W - the +6 arbalest "Damnation" {damnation}
   (You found it on level 10 of the Dungeon)
Missiles
 i - 78 sling bullets
 l - 7 tomahawks
 B - 5 poisoned tomahawks
 K - 2 tomahawks of returning
 R - 2 javelins (quivered)
 X - 43 bolts
Armour
 c - a +1 pair of boots (worn)
 g - a +0 robe
 E - a cursed +0 ring mail
 J - a +2 robe of resistance (worn)
 M - a +0 large shield
 N - a +0 cloak (worn)
 U - a +0 pair of gloves (worn)
Jewellery
 p - a +1 ring of protection (left hand)
 I - a +3 amulet of reflection (around neck)
 L - a ring of wizardry (right hand)
Wands
 y - a wand of acid (7)
 F - a wand of flame (6)
 T - a wand of paralysis (10)
Scrolls
 h - 2 scrolls of noise
 k - 2 scrolls of magic mapping
 r - 3 scrolls of identify
 t - 13 scrolls of teleportation
 v - 3 scrolls of fog
 x - 2 scrolls of random uselessness {unknown}
 z - 5 scrolls of blinking
 D - 2 scrolls of amnesia {unknown}
 G - 2 scrolls of enchant weapon {unknown}
 H - a scroll of fear
 O - a scroll of enchant armour {unknown}
 Q - a scroll of acquirement {unknown}
 S - 2 scrolls of immolation {unknown}
Potions
 b - 3 potions of mutation
 d - a potion of ambrosia
 n - a potion of magic {unknown}
 q - 2 potions of curing
 s - a potion of agility
 u - 4 potions of flight
 w - 5 potions of heal wounds
 A - a potion of cancellation {unknown}
 C - 4 potions of degeneration {unknown}
 Y - a potion of haste {unknown}
Comestibles
 e - 15 rations
 V - a chunk of flesh


   Skills:
 + Level 8.0 Fighting
 + Level 6.4 Short Blades
 + Level 6.4 Long Blades
 + Level 6.4 Axes
 + Level 6.4 Maces & Flails
 + Level 6.4 Polearms
 + Level 6.4 Staves
 + Level 6.4 Slings
 + Level 6.4 Bows
 + Level 6.4 Crossbows
 + Level 7.0 Throwing
 + Level 6.4 Armour
 + Level 6.4 Dodging
 + Level 6.4 Stealth
 + Level 6.4 Shields
 + Level 7.0 Unarmed Combat
 + Level 7.1 Spellcasting
 + Level 5.3 Conjurations
 + Level 5.3 Hexes
 + Level 5.3 Charms
 + Level 6.6 Summonings
 + Level 5.3 Necromancy
 + Level 6.6 Translocations
 + Level 5.3 Transmutations
 + Level 5.3 Fire Magic
 + Level 5.3 Ice Magic
 + Level 5.3 Air Magic
 + Level 5.3 Earth Magic
 + Level 5.3 Poison Magic
 + Level 7.0 Invocations
 + Level 7.0 Evocations


You had 20 spell levels left.
You knew the following spells:

 Your Spells              Type           Power        Failure   Level  Hunger
a - Sting                 Conj/Pois      ####         1%          1    None
z - Ignite Poison         Fire/Tmut/Pois #####...     1%          3    None

Your spell library contained the following spells:

 Spells                   Type           Power        Failure   Level  Hunger


Dungeon Overview and Level Annotations

Branches:
Dungeon (10/15)            Temple (1/1) D:6            Lair (0/6) D:9
    Orc: D:9-12

Altars:
Ashenzari
Cheibriados
Dithmenos
Elyvilon
Fedhas
Gozag
Hepliaklqana
Kikubaaqudgha
Makhleb
Nemelex Xobeh
Okawaru
Qazlal
Ru
Sif Muna
Trog
Uskayaw
Vehumet
Wu Jian
Xom
Yredelemnul
Zin
The Shining One

Shops:
D:5 %*=*   D:6 *=?=[(   D:7 *   D:9 %


Innate Abilities, Weirdness & Mutations

Your experience applies equally to all skills.
You have very sharp teeth.
Your uncanny sense of smell can sniff out nearby items.


Message History

Cheibriados thoroughly appreciates the change of pace.
You are feeling hungry.
Cheibriados lowers the support of your attributes as your movement quickens.
Evoke which item? (* to show all) (? for menu, Esc to quit)
Aiming: Corrosive Bolt
Press: ? - help, Shift-Dir - straight line, f/p - frost giant
Aim: a frost giant, wielding the broad axe of Saguf {freeze} and wearing a ring of ice (severely wounded, covered in acid)
The bolt of acid hits the frost giant.
The frost giant is splashed with acid.
The frost giant is almost dead.
The frost giant points at you and mumbles some strange words.
The bolt of cold hits you! You resist.
* * * LOW HITPOINT WARNING * * *
The bolt of cold hits you! You resist.
* * * LOW HITPOINT WARNING * * *
Evoke which item? (* to show all) (? for menu, Esc to quit)
Okay, then.
You feel much better.
w - 5 potions of heal wounds;
X - 43 bolts The frost giant hits you with the broad axe of Saguf {freeze}!!
You die...

#...###..#..
.....
#.####...$.[
#.# #..##.##
#.##..#.†...#
#
#.#...#../!.#
+
#...#.††:#...
# ###..†#
.)..# #
##.C#.....# #
##@.#
##.......
#..#..# #...
# #.## ...
###


You could see a frost giant.

Vanquished Creatures
  A hydra (D:9)
  A two-headed ogre (D:8)
  Pikel (D:7)
  A centaur zombie (D:9)
  Joseph (D:7)
  5 rime drakes (D:10)
  2 dream sheep (D:9)
  2 hippogriffs
  7 yaks (D:9)
  A wyvern (D:10)
  A hungry ghost (D:10)
  2 water moccasins (D:5)
  3 porcupines (D:9)
  4 slaves (D:7)
  Duvessa (D:5)
  2 orc warriors
  A sky beast (D:6)
  2 ice beasts
  2 black bears
  A necrophage (D:9)
  A phantom (D:9)
  3 centaurs
  4 crocodiles
  An ogre (D:6)
  4 big kobolds
  3 bullfrogs
  Dowan (D:4)
  3 scorpions
  9 killer bees
  9 wights
  3 howler monkeys
  2 crimson imps
  11 orc priests
  2 hounds
  Crazy Yiuf (D:7)
  A bullfrog skeleton (D:6)
  3 gnoll shamans
  A jelly (D:7)
  11 orc wizards
  3 iguanas (D:9)
  6 worker ants
  A hound zombie (D:6)
  A hound skeleton (D:6)
  2 worker ant zombies
  Robin (D:3)
  22 gnolls
  10 adders
  4 shadow imps
  An adder zombie (D:9)
  A worm (D:4)
  A dart slug (D:3)
  3 leopard geckos
  34 orcs
  7 bats
  3 giant cockroaches
  12 goblins
  6 hobgoblins
  7 kobolds
  3 quokkas
  4 ball pythons
  5 frilled lizards
  A jackal skeleton (D:4)
  6 rats
258 creatures vanquished.

Vanquished Creatures (others)
  A quokka (D:9)
  5 bushes (D:9)
  5 fungi (D:9)
  15 plants (D:9)
26 creatures vanquished.

Grand Total: 284 creatures vanquished

Notes
Turn   | Place    | Note
-------+----------+-------------------------------------------
     0 | D:1      | varam the Gnoll Wanderer began the quest for the Orb.
     0 | D:1      | varam set off with: a potion of berserk rage, a scroll of fear, a potion of lignification, a ration, a +0 club, a +0 robe
     0 | D:1      | Reached XP level 1. HP: 20/20 MP: 4/4
   450 | D:1      | Reached XP level 2. HP: 26/26 MP: 5/5
  1767 | D:2      | Reached XP level 3. HP: 31/31 MP: 7/7
  1771 | D:2      | Found an ancient bone altar of Kikubaaqudgha.
  2072 | D:1      | Learned a level 3 spell: Ignite Poison
  2082 | D:2      | Reached skill level 1 in Invocations
  2254 | D:2      | Found a shimmering altar of Xom.
  2394 | D:2      | Reached skill level 1 in Short Blades
  2394 | D:2      | Reached skill level 1 in Long Blades
  2394 | D:2      | Reached skill level 1 in Axes
  2394 | D:2      | Reached skill level 1 in Maces & Flails
  2394 | D:2      | Reached skill level 1 in Polearms
  2394 | D:2      | Reached skill level 1 in Staves
  2394 | D:2      | Reached skill level 1 in Slings
  2394 | D:2      | Reached skill level 1 in Bows
  2394 | D:2      | Reached skill level 1 in Crossbows
  2394 | D:2      | Reached skill level 1 in Armour
  2394 | D:2      | Reached skill level 1 in Dodging
  2394 | D:2      | Reached skill level 1 in Stealth
  2394 | D:2      | Reached skill level 1 in Shields
  2544 | D:2      | Reached XP level 4. HP: 30/38 MP: 8/8
  2681 | D:3      | Noticed Robin
  3059 | D:3      | Killed Robin
  3069 | D:3      | Reached skill level 1 in Conjurations
  3069 | D:3      | Reached skill level 1 in Hexes
  3069 | D:3      | Reached skill level 1 in Charms
  3069 | D:3      | Reached skill level 1 in Necromancy
  3069 | D:3      | Reached skill level 1 in Transmutations
  3069 | D:3      | Reached skill level 1 in Fire Magic
  3069 | D:3      | Reached skill level 1 in Ice Magic
  3069 | D:3      | Reached skill level 1 in Air Magic
  3069 | D:3      | Reached skill level 1 in Earth Magic
  3069 | D:3      | Reached skill level 1 in Poison Magic
  3478 | D:3      | Noticed a crocodile
  3659 | D:3      | Reached XP level 5. HP: 38/43 MP: 9/9
  3935 | D:3      | Learned a level 1 spell: Sting
  4214 | D:3      | Killed a crocodile
  4214 | D:3      | Reached XP level 6. HP: 42/50 MP: 3/10
  4759 | D:4      | Reached skill level 5 in Fighting
  4864 | D:4      | Found a glowing golden altar of the Shining One.
  5557 | D:4      | Reached XP level 7. HP: 54/56 MP: 12/12
  5693 | D:5      | Entered Level 5 of the Dungeon
  5693 | D:5      | Noticed Duvessa
  5694 | D:5      | Noticed Dowan
  5883 | D:5      | Found Myezxiod's General Store.
  6161 | D:5      | Found Tikh's Food Boutique.
  6191 | D:5      | Killed Duvessa
  6206 | D:4      | Killed Dowan
  6627 | D:5      | Found Ycsoun Fahye's Jewellery Boutique.
  6629 | D:5      | Found a hazy altar of Hepliaklqana.
  6785 | D:5      | Found a stormy altar of Qazlal.
  6895 | D:5      | Found Rehuyr's Serpentskin Sales.
  6910 | D:5      | Reached XP level 8. HP: 26/63 MP: 11/14
  7443 | D:6      | Found an ornate altar of the Wu Jian Council.
  7481 | D:6      | Found a staircase to the Ecumenical Temple.
  7510 | D:6      | Found Xar Tilu's Jewellery Boutique.
  7545 | Temple   | Entered the Ecumenical Temple
  7552 | Temple   | Became a worshipper of Cheibriados the Contemplative
  7901 | D:6      | Found Qaofotz's Magic Scroll Boutique.
  7908 | D:6      | Bought a scroll of identify for 24 gold pieces
  7908 | D:6      | Bought a scroll of identify for 24 gold pieces
  7954 | D:6      | Found Emygix's Jewellery Shoppe.
  8220 | D:6      | Found Dolu Fooriu's Armour Shoppe.
  8287 | D:6      | Found Vosush's Weapon Shop.
  8352 | D:6      | Bought a +2 broad axe of chopping for 216 gold pieces
  8397 | D:6      | Reached XP level 9. HP: 43/69 MP: 14/16
  8560 | D:6      | Reached skill level 6 in Fighting
  8560 | D:6      | Reached skill level 5 in Summonings
  8560 | D:6      | Reached skill level 5 in Translocations
  8799 | D:6      | Found Gozag's Platinum Reserve.
  8799 | D:6      | Found an opulent altar of Gozag.
  9005 | D:7      | Found a burning altar of Makhleb.
  9216 | D:5      | Bought 7 poisoned tomahawks for 77 gold pieces
  9337 | D:7      | Noticed Joseph
  9436 | D:7      | Killed Joseph
  9436 | D:7      | Reached skill level 5 in Spellcasting
  9439 | D:7      | Noticed Pikel
  9460 | D:7      | Killed Pikel
  9460 | D:7      | Reached skill level 5 in Throwing
  9460 | D:7      | Reached skill level 5 in Unarmed Combat
  9460 | D:7      | Reached skill level 5 in Evocations
  9465 | D:7      | Reached * piety under Cheibriados
  9751 | D:7      | Found a glowing silver altar of Zin.
  9751 | D:7      | Noticed an angel
  9752 | D:7      | Noticed a blizzard demon
  9776 | D:7      | Found Lggatz's Luxury Loot.
  9858 | D:7      | Found a runed door.
  9917 | D:7      | Found a shadowy altar of Dithmenos.
 10168 | D:7      | Noticed Crazy Yiuf
 10171 | D:7      | Killed Crazy Yiuf
 10174 | D:7      | Got a slimy mace
 10175 | D:7      | Identified the cursed +1 mace "Jacunloe" {crush, Str+3 Dex+3} (You found it on level 7 of the Dungeon)
 10379 | D:7      | Reached skill level 5 in Invocations
 10575 | D:8      | Reached ** piety under Cheibriados
 10796 | D:8      | Reached XP level 10. HP: 40/77 MP: 8/18
 11405 | D:8      | Found a bloodstained altar of Trog.
 11713 | D:8      | Noticed a two-headed ogre
 11724 | D:8      | Killed a two-headed ogre
 11724 | D:8      | Reached skill level 5 in Short Blades
 11724 | D:8      | Reached skill level 5 in Long Blades
 11724 | D:8      | Reached skill level 5 in Axes
 11724 | D:8      | Reached skill level 5 in Maces & Flails
 11724 | D:8      | Reached skill level 5 in Polearms
 11724 | D:8      | Reached skill level 5 in Staves
 11724 | D:8      | Reached skill level 5 in Slings
 11724 | D:8      | Reached skill level 5 in Bows
 11724 | D:8      | Reached skill level 5 in Crossbows
 11724 | D:8      | Reached skill level 5 in Armour
 11724 | D:8      | Reached skill level 5 in Dodging
 11724 | D:8      | Reached skill level 5 in Stealth
 11724 | D:8      | Reached skill level 5 in Shields
 11904 | D:8      | Reached *** piety under Cheibriados
 11977 | D:8      | Reached skill level 7 in Fighting
 12304 | D:9      | Found Biteomn's Food Boutique.
 13048 | D:9      | Noticed a two-headed hydra
 13066 | D:9      | Reached **** piety under Cheibriados
 13092 | D:9      | Killed a two-headed hydra
 13092 | D:9      | Reached XP level 11. HP: 10/84 MP: 8/20
 13638 | D:9      | Reached skill level 5 in Conjurations
 13638 | D:9      | Reached skill level 5 in Hexes
 13638 | D:9      | Reached skill level 5 in Charms
 13638 | D:9      | Reached skill level 5 in Necromancy
 13638 | D:9      | Reached skill level 5 in Transmutations
 13638 | D:9      | Reached skill level 5 in Fire Magic
 13638 | D:9      | Reached skill level 5 in Ice Magic
 13638 | D:9      | Reached skill level 5 in Air Magic
 13638 | D:9      | Reached skill level 5 in Earth Magic
 13638 | D:9      | Reached skill level 5 in Poison Magic
 13786 | D:9      | Found a staircase to the Lair.
 13919 | D:9      | Found a white marble altar of Elyvilon.
 14374 | D:7      | Bought a +0 large shield for 49 gold pieces
 14429 | D:10     | Entered Level 10 of the Dungeon
 14491 | D:10     | Reached ***** piety under Cheibriados
 14587 | D:10     | Found the +6 arbalest "Damnation" {damnation}
 14691 | D:6      | Bought a scroll of remove curse for 36 gold pieces
 15127 | D:10     | Noticed a frost giant
 15131 | D:10     | Reached skill level 8 in Fighting
 15136 | D:10     | Identified the +6 broad axe of Saguf {freeze, +Inv rF+ Int+3 Dex+4}
 15136 | D:10     | Slain by a frost giant

Vault maps used:
D:1:      lemuel_arrival_lava_pool, roderic_lattice_a
D:2:      marbit_many_paths, xom_teletrap_fun, first_ration,
          hangedman_decor_peaks_small
D:3:      uniq_robin
D:4:      kennysheep_mini_moat
D:5:      lemuel_crystal_altar, grunt_qazlal_clouds, serial_shops,
          nicolae_shop_trees, shop, shop, minmay_misc_feat_rows,
          guppyfry_shop_venom, uniq_duvessa
D:6:      nicolae_gozag_zags_fifth_avenue, nicolae_overflow_hidden_temple,
          minmay_temple_entry_poolview, serial_shops, shop, shop_statue,
          nicolae_shop_temple_entry_statues_fountains, shop_coins, shop
D:7:      grunt_temple_overflow_order_and_chaos_2, grunt_dithmenos_shadows,
          nicolae_alphabet_shops, uniq_crazy_yiuf_cottage, uniq_pikel,
          uniq_joseph
D:8:      trog_book
D:9:      elyvilon_altar_4, minmay_lair_entry_grove, serial_shops,
          nicolae_shop_competitors_out_of_business, hangedman_ranch
D:10:     minmay_coctagon, uniq_sonja
Temple:   chequers_temple_sunken

Skill      XL: |  1  2  3  4  5  6  7  8  9 10 11 |
---------------+----------------------------------+-----
Invocations    | 1 2 3 4 5 6 7 |  7.0
Short Blades   | 1 2 3 4 5 6 |  6.4
Long Blades    | 1 2 3 4 5 6 |  6.4
Axes           | 1 2 3 4 5 6 |  6.4
Maces & Flails | 1 2 3 4 5 6 |  6.4
Polearms       | 1 2 3 4 5 6 |  6.4
Staves         | 1 2 3 4 5 6 |  6.4
Slings         | 1 2 3 4 5 6 |  6.4
Bows           | 1 2 3 4 5 6 |  6.4
Crossbows      | 1 2 3 4 5 6 |  6.4
Armour         | 1 2 3 4 5 6 |  6.4
Dodging        | 1 2 3 4 5 6 |  6.4
Stealth        | 1 2 3 4 5 6 |  6.4
Shields        | 1 2 3 4 5 6 |  6.4
Spellcasting   | 3 4 5 6 7 |  7.1
Conjurations   | 1 2 3 4 5 |  5.3
Hexes          | 1 2 3 4 5 |  5.3
Charms         | 1 2 3 4 5 |  5.3
Necromancy     | 1 2 3 4 5 |  5.3
Transmutations | 1 2 3 4 5 |  5.3
Fire Magic     | 1 2 3 4 5 |  5.3
Ice Magic      | 1 2 3 4 5 |  5.3
Air Magic      | 1 2 3 4 5 |  5.3
Earth Magic    | 1 2 3 4 5 |  5.3
Poison Magic   | 1 2 3 4 5 |  5.3
Throwing       | 3 4 5 6 7 |  7.0
Unarmed Combat | 3 4 5 6 7 |  7.0
Summonings     | 4 5 6 |  6.6
Translocations | 4 5 6 |  6.6
Evocations     | 3 4 5 6 7 |  7.0
Fighting       | 5 6 7 8 |  8.0

Action                   |  1- 3 |  4- 6 |  7- 9 | 10-12 || total
-------------------------+-------+-------+-------+-------++-------
Melee: Club              |    37 |       |       |       ||    37
       Dagger            |    41 |    96 |   160 |       ||   297
       Bite              |     6 |     8 |    28 |    38 ||    80
       Punch             |       |     1 |    11 |     6 ||    18
       Broad axe         |       |       |    19 |       ||    19
       War axe           |       |       |    54 |     4 ||    58
       Mace              |       |       |    18 |   184 ||   202
 Fire: Hunting sling     |       |    17 |     6 |       ||    23
       Arbalest          |       |       |       |     7 ||     7
Throw: Tomahawk          |       |     7 |    24 |    51 ||    82
       Javelin           |       |       |     2 |    11 ||    13
       Throwing net      |       |       |     1 |       ||     1
 Cast: Sting             |       |    16 |    60 |    98 ||   174
       Ignite Poison     |       |     7 |    14 |    16 ||    37
Invok: Slouch            |       |       |       |     2 ||     2
Evoke: Wand              |       |       |    10 |    24 ||    34
  Use: Scroll            |       |     2 |    11 |     1 ||    14
       Potion            |       |     1 |     2 |     1 ||     4
 Stab: Sleeping          |     3 |       |     2 |     5 ||    10
  Eat: Chunk             |     4 |    11 |    13 |     6 ||    34
       Ration            |       |       |     1 |       ||     1
Armor: Robe              |    21 |    12 |    58 |    66 ||   157
       Skin              |       |     3 |       |       ||     3
Dodge: Dodged            |    53 |    75 |   221 |   195 ||   544
Block: Other             |       |       |    27 |    20 ||    47
       Reflection        |       |       |     2 |       ||     2
       Large shield      |       |       |       |    29 ||    29

Table legend:
 A = Spawn XP
 B = Non-spawn XP
 C = Spawn XP percentage of total XP
 D = Spawn monster count
 E = Non-spawn monster count
 F = Spawn count percentage of total count
 G = Total turns spent on level
                    A         B        C        D         E        F      G
               +---------+---------+-------+---------+---------+-------+---------
         Total |       0 |   15640 |   0.0 |       0 |     254 |   0.0 | 15136
               +---------+---------+-------+---------+---------+-------+---------
           D:1 |       0 |      36 |   0.0 |       0 |      15 |   0.0 |  1561
           D:2 |       0 |      67 |   0.0 |       0 |      17 |   0.0 |  1423
           D:3 |       0 |     250 |   0.0 |       0 |      24 |   0.0 |  1635
           D:4 |       0 |     436 |   0.0 |       0 |      24 |   0.0 |  1802
           D:5 |       0 |     639 |   0.0 |       0 |      20 |   0.0 |  1146
           D:6 |       0 |    1087 |   0.0 |       0 |      18 |   0.0 |  1712
           D:7 |       0 |    1785 |   0.0 |       0 |      22 |   0.0 |  1813
           D:8 |       0 |    2103 |   0.0 |       0 |      34 |   0.0 |  1574
           D:9 |       0 |    6450 |   0.0 |       0 |      63 |   0.0 |  1982
          D:10 |       0 |    2787 |   0.0 |       0 |      17 |   0.0 |   339
               +---------+---------+-------+---------+---------+-------+---------
